 Dungeon Crawl Stone Soup version 0.28-a0-687-gb91baff9cc (webtiles) character file.

Game seed: 700169570180969302

2 khargal the Skirmisher (level 1, 0/18 HPs)
             Began as a Demonspawn Cinder Acolyte on Oct 19, 2021.
             Was a High Priest of Ignis.
             Slain by a goblin (3 damage)
             ... on level 1 of the Dungeon.
             The game lasted 00:01:16 (163 turns).

khargal the Skirmisher (Demonspawn Cinder Acolyte)   Turns: 163, Time: 00:01:17

Health: 0/18       AC:  2    Str: 14    XL:     1   Next: 25%
Magic:  2/2        EV: 11    Int: 15    God:    Ignis [*****.]
Gold:   20         SH:  0    Dex:  8    Spells: 2/2 levels left

rFire   + . .      SeeInvis .   a - -1 falchion (flame)
rCold   . . .      Faith    .   (no shield)
rNeg    . . .      Spirit   .   b - +0 robe
rPois   .          Reflect  .   (no helmet)
rElec   .          Harm     .   (no cloak)
rCorr   .          Rampage  .   (no gloves)
Will    .....                   (no boots)
Stlth   +.........              (no amulet)
HPRegen 0.06/turn               (no ring)
MPRegen 0.08/turn               (no ring)

@: no status effects
A: no striking features
a: Renounce Religion, Sea of Fire, Foxfire Swarm, Rising Flame


You were on level 1 of the Dungeon.
You worshipped Ignis.
Ignis was extremely pleased with you.
You visited 1 branch of the dungeon, and saw 1 of its levels.

You collected 20 gold pieces.

Inventory:

Hand Weapons
 a - a -1 falchion of flaming (weapon)
Armour
 b - a +0 robe (worn)


   Skills:
 + Level 3.1 Fighting
 + Level 2.6 Long Blades
 + Level 1.0 Spellcasting
 + Level 2.6 Fire Magic


You had 2 spell levels left.
You didn't know any spells.
Your spell library contained the following spells:

 Spells                   Type           Power      Damage    Failure   Level
 Scorch                   Fire           16%        2d6       12%         2


Dungeon Overview and Level Annotations

Branches:
Dungeon (1/15)

Altars:


Message History

No target in view!
No target in view!
HP restored.
You now have 8 gold pieces.
You now have 20 gold pieces (gained 12).
Found 10 sling bullets.
Found a hand axe.
Found a stone staircase leading down.
Found 10 arrows.
A frilled lizard comes into view.
The frilled lizard hisses angrily.
A frilled lizard is nearby!
A frilled lizard is nearby! 2 goblins come into view.
Found 13 gold pieces.
The frilled lizard misses you.
You barely miss the frilled lizard. The frilled lizard bites you.
You completely miss the frilled lizard. The frilled lizard bites you.
You hit the frilled lizard. You burn the frilled lizard.
You kill the frilled lizard!
The goblin barely misses you. The goblin closely misses you.
You see here a frilled lizard corpse.
You completely miss the goblin. The goblin hits you with a +0 club.
The goblin hits you with a +3 dagger.
You are too injured to fight recklessly!
You are too injured to fight recklessly!
You are too injured to fight recklessly!
You are too injured to fight recklessly!
You are too injured to fight recklessly!
You are too injured to fight recklessly!
You are too injured to fight recklessly!
The goblin hits you with a +3 dagger.
* * * LOW HITPOINT WARNING * * *
The goblin closely misses you.
You closely miss the goblin. The goblin hits you with a +3 dagger.
* * * LOW HITPOINT WARNING * * *
The goblin misses you.
The goblin hits you but does no damage. x2
You hit the goblin. You burn the goblin.
You kill the goblin!
The goblin hits you with a +3 dagger.
You die...

.............##
......#.######
........##########
........#........#
...........#####.# #
...........# .# .
...........## ###.#..
............# ##.......
....(.......# #@.......
#...........####)g...$..
...............†.##..#.#
....................##
.. .........>...........
.. .....................
...........(..#######
...........###
...........#


You could see a goblin.

Vanquished Creatures
  A goblin (D:1)
  A hobgoblin (D:1)
  A frilled lizard (D:1)
3 creatures vanquished.

Notes
Turn   | Place    | Note
-------+----------+-------------------------------------------
     0 | D:1      | khargal the Demonspawn Cinder Acolyte began the quest for
                  | the Orb.
     0 | D:1      | Reached XP level 1. HP: 18/18 MP: 2/2
   163 | D:1      | Slain by a goblin

Illustrated notes

Levels and vault maps discovered:
D:1:      saegor_arrival_simple_d, layout_rooms

Action                   || total
-------------------------++-------
Melee: Falchion          ||    11
Armor: Robe              ||     4
Dodge: Dodged            ||     8

Table legend: (Time is in decaauts)
 A = Elapsed time spent in this place.
 B = Non-inter-level travel time spent in this place.
 C = Inter-level travel time spent in this place.
 D = Time resting spent in this place.
 E = Time spent auto-exploring this place.
 F = Levels seen in this place.
 G = Mean time per level.
                   A        B        C        D        E       F      G
               +--------+--------+--------+--------+--------+-----+--------+
         Total |    165 |    165 |      0 |      0 |    138 |   1 |  165.0 |
       Dungeon |    165 |    165 |      0 |      0 |    138 |   1 |  165.0 |
               +--------+--------+--------+--------+--------+-----+--------+

Top non-repeatable levels by time:
     D:1: 165 daAuts
